3370 views
Uploaded 2020-03-19 21:11:07
Game version 1.32.3
11:08 long 2on2 ladder game on (4)TidewaterGlades_LV
Saved by SpaceCptNav
3370 views
Uploaded 2020-03-19 21:11:07
Game version 1.32.3
11:08 long 2on2 ladder game on (4)TidewaterGlades_LV


49 units @ 7.1k
/ 0.5k
23 buildings @ 3k
/ 1.1k


| Healing Salve | 5 | 500 |
| Lesser Clarity Potion | 1 | 70 |
| Scroll of Speed | 2 | 100 |
| Scroll of Healing | 1 | 250 |
| Boots of Speed | 1 | 250 |
| Staff of Teleportation | 1 | 150 |
| Scroll of Protection | 1 | 150 |
| total: | 12 | 1470g |
| Peon | 8 | 600 | / | 0 |
| Grunt | 8 | 1600 | / | 0 |
| Raider | 2 | 360 | / | 80 |
| Spirit Walker | 1 | 195 | / | 35 |
| Kodo Beast | 2 | 510 | / | 120 |
| total: | 21 | 3265g | / | 235w |
| Altar of Storms | 1 | 180 | / | 50 |
| Orc Burrow | 4 | 640 | / | 160 |
| Barracks | 1 | 180 | / | 50 |
| Voodoo Lounge | 1 | 130 | / | 30 |
| War Mill | 1 | 205 | / | 0 |
| Beastiary | 1 | 145 | / | 140 |
| Tauren Totem | 1 | 135 | / | 155 |
| Stronghold | 2 | 630 | / | 380 |
| Fortress | 1 | 325 | / | 190 |
| total: | 10 | 1615g | / | 585w |
| 0:03 | Peon |
| 0:03 | Peon |
| 0:06 | Altar of Storms |
| 0:08 | Orc Burrow |
| 0:27 | Barracks |
| 0:44 | Peon |
| 0:44 | Peon |
| 0:54 | Peon |
| 1:05 | Peon |
| 1:29 | Orc Burrow |
| 1:35 | Grunt |
| 1:35 | Grunt |
| 1:42 | Peon |
| 1:59 | Voodoo Lounge |
| 2:04 | Peon |
| 2:09 | Critical Strike |
| 2:23 | Grunt |
| 2:57 | Stronghold |
| 3:29 | Grunt |
| 3:35 | Orc Burrow |
| 3:40 | Healing Salve |
| 3:41 | Healing Salve |
| 3:41 | Lesser Clarity Potion |
| 3:57 | Grunt |
| 4:33 | Scroll of Speed |
| 5:27 | Beastiary |
| 5:39 | Boots of Speed |
| 5:41 | Staff of Teleportation |
| 5:51 | Berserker Strength |
| 5:56 | Tauren Totem |
| 6:11 | Orc Burrow |
| 6:16 | Wind Walk |
| 6:30 | Hex |
| 6:34 | Raider |
| 6:34 | Ensnare |
| 7:21 | Spirit Walker |
| 7:21 | Spirit Walker Adept Training |
| 7:24 | Grunt |
| 7:35 | Healing Salve |
| 7:38 | Healing Salve |
| 7:38 | Healing Salve |
| 7:51 | Scroll of Speed |
| 8:18 | Raider |
| 8:20 | Grunt |
| 8:20 | Grunt |
| 8:41 | War Mill |
| 9:19 | Fortress |
| 9:23 | Healing Wave |
| 9:33 | Wind Walk |
| 9:48 | Scroll of Healing |
| 9:49 | Scroll of Protection |
| 10:03 | Kodo Beast |
| 10:03 | Kodo Beast |
| 10:43 | Healing Wave |
| Select group | 1756 |
| Right click | 1236 |
| Assign group | 325 |
| Select | 276 |
| Build/train/purchase | 71 |
| Chat | 61 |
| Use ability | 27 |
| Misc. action | 24 |
| Minimap ping | 7 |
| Item give/drop | 4 |


| Lesser Clarity Potion | 1 | 70 |
| Scroll of Town Portal | 1 | 350 |
| Potion of Lesser Invulnerability | 1 | 150 |
| total: | 3 | 570g |
| Peasant | 9 | 675 | / | 0 |
| Footman | 8 | 1080 | / | 0 |
| Rifleman | 9 | 1845 | / | 270 |
| Priest | 2 | 270 | / | 20 |
| total: | 28 | 3870g | / | 290w |
| Scout Tower | 1 | 30 | / | 20 |
| Arcane Tower | 1 | 70 | / | 50 |
| Altar of Kings | 2 | 360 | / | 100 |
| Farm | 7 | 560 | / | 140 |
| Barracks | 1 | 160 | / | 60 |
| Blacksmith | 1 | 140 | / | 60 |
| Arcane Sanctum | 1 | 150 | / | 140 |
| Keep | 1 | 320 | / | 210 |
| total: | 13 | 1400g | / | 520w |
| 0:02 | Altar of Kings |
| 0:03 | Peasant |
| 0:03 | Peasant |
| 0:05 | Altar of Kings |
| 0:19 | Farm |
| 0:21 | Barracks |
| 0:24 | Peasant |
| 0:31 | Peasant |
| 0:49 | Farm |
| 0:54 | Peasant |
| 1:01 | Peasant |
| 1:21 | Footman |
| 1:27 | Peasant |
| 1:36 | Farm |
| 1:45 | Footman |
| 1:45 | Footman |
| 1:54 | Peasant |
| 2:09 | Summon Water Elemental |
| 2:34 | Footman |
| 2:41 | Scout Tower |
| 3:09 | Footman |
| 3:09 | Arcane Tower |
| 3:10 | Peasant |
| 3:25 | Footman |
| 3:47 | Footman |
| 3:51 | Keep |
| 3:52 | Footman |
| 4:05 | Farm |
| 4:20 | Blacksmith |
| 4:32 | Lesser Clarity Potion |
| 5:22 | Farm |
| 5:52 | Brilliance Aura |
| 6:13 | Rifleman |
| 6:27 | Arcane Sanctum |
| 6:29 | Rifleman |
| 6:41 | Rifleman |
| 6:45 | Black Gunpowder |
| 7:08 | Rifleman |
| 7:29 | Priest |
| 7:29 | Priest |
| 7:31 | Storm Bolt |
| 7:42 | Rifleman |
| 7:43 | Farm |
| 7:55 | Priest Adept Training |
| 8:32 | Rifleman |
| 8:33 | Refined Gunpowder |
| 8:49 | Farm |
| 9:01 | Long Rifles |
| 9:39 | Rifleman |
| 9:43 | Scroll of Town Portal |
| 9:46 | Potion of Lesser Invulnerability |
| 9:55 | Summon Water Elemental |
| 10:18 | Bash |
| 10:35 | Rifleman |
| 10:35 | Rifleman |
| 10:44 | Storm Bolt |
| Right click | 993 |
| Select group | 925 |
| Select | 317 |
| Chat | 124 |
| Build/train/purchase | 86 |
| Misc. action | 56 |
| Assign group | 41 |
| Use ability | 9 |
| Esc | 4 |
| Item give/drop | 1 |
32 units @ 4.3k
/ 0.6k
23 buildings @ 4k
/ 1.7k


| Rod of Necromancy | 1 | 150 |
| Potion of Healing | 1 | 150 |
| Potion of Mana | 1 | 200 |
| Dust of Appearance | 1 | 75 |
| total: | 4 | 575g |
| Acolyte | 2 | 150 | / | 0 |
| Ghoul | 3 | 360 | / | 0 |
| Crypt Fiend | 7 | 1505 | / | 280 |
| total: | 12 | 2015g | / | 280w |
| Nerubian Tower | 1 | 100 | / | 20 |
| Altar of Darkness | 1 | 180 | / | 50 |
| Crypt | 1 | 200 | / | 50 |
| Ziggurat | 5 | 750 | / | 250 |
| Graveyard | 1 | 215 | / | 0 |
| Tomb of Relics | 1 | 130 | / | 30 |
| Sacrificial Pit | 1 | 75 | / | 150 |
| Slaughterhouse | 1 | 140 | / | 135 |
| Halls of the Dead | 1 | 320 | / | 210 |
| Black Citadel | 1 | 325 | / | 230 |
| total: | 11 | 1690g | / | 665w |
| 0:03 | Acolyte |
| 0:03 | Acolyte |
| 0:06 | Altar of Darkness |
| 0:11 | Crypt |
| 0:33 | Ziggurat |
| 0:58 | Graveyard |
| 1:10 | Tomb of Relics |
| 1:36 | Ghoul |
| 1:47 | Ziggurat |
| 1:51 | Ghoul |
| 2:08 | Nerubian Tower |
| 2:20 | Death Coil |
| 2:22 | Rod of Necromancy |
| 2:36 | Crypt Fiend |
| 3:07 | Crypt Fiend |
| 3:31 | Halls of the Dead |
| 3:53 | Crypt Fiend |
| 4:26 | Crypt Fiend |
| 5:09 | Ziggurat |
| 5:11 | Ziggurat |
| 6:01 | Crypt Fiend |
| 6:15 | Unholy Aura |
| 6:25 | Dust of Appearance |
| 6:27 | Potion of Healing |
| 6:27 | Potion of Mana |
| 6:30 | Black Citadel |
| 7:33 | Crypt Fiend |
| 8:04 | Crypt Fiend |
| 8:06 | Burrow |
| 8:18 | Frost Nova |
| 8:36 | Ghoul |
| 8:40 | Creature Attack |
| 8:54 | Ziggurat |
| 9:17 | Sacrificial Pit |
| 9:55 | Slaughterhouse |
| 10:25 | Unholy Aura |
| 10:46 | Dark Ritual |
| Right click | 331 |
| Select group | 128 |
| Select | 117 |
| Build/train/purchase | 34 |
| Assign group | 20 |
| Use ability | 13 |
| Minimap ping | 6 |
| Misc. action | 3 |
| Item give/drop | 1 |
| Esc | 1 |


| Scroll of Healing | 1 | 250 |
| Potion of Lesser Invulnerability | 1 | 150 |
| Rod of Necromancy | 1 | 150 |
| total: | 3 | 550g |
| Wisp | 13 | 780 | / | 0 |
| Huntress | 3 | 585 | / | 60 |
| Dryad | 1 | 145 | / | 60 |
| Druid of the Claw | 2 | 510 | / | 160 |
| Furbolg Shaman | 1 | 255 | / | 30 |
| total: | 20 | 2275g | / | 310w |
| Altar of Elders | 1 | 180 | / | 50 |
| Moon Well | 4 | 720 | / | 160 |
| Ancient of War | 1 | 150 | / | 60 |
| Hunter's Hall | 1 | 210 | / | 100 |
| Tree of Life | 2 | 680 | / | 370 |
| Ancient of Wonders | 1 | 90 | / | 30 |
| Ancient of Lore | 2 | 310 | / | 290 |
| Tree of Ages | 1 | 320 | / | 180 |
| Tree of Eternity | 1 | 330 | / | 200 |
| total: | 12 | 2340g | / | 1060w |
| 0:01 | Wisp |
| 0:02 | Wisp |
| 0:02 | Wisp |
| 0:06 | Altar of Elders |
| 0:17 | Moon Well |
| 0:28 | Wisp |
| 0:28 | Wisp |
| 0:46 | Wisp |
| 1:11 | Wisp |
| 1:37 | Wisp |
| 1:44 | Ancient of War |
| 1:53 | Hunter's Hall |
| 1:55 | Wisp |
| 1:55 | Wisp |
| 2:08 | Entangling Roots |
| 2:12 | Moon Well |
| 2:25 | Wisp |
| 2:25 | Wisp |
| 3:06 | Tree of Ages |
| 3:06 | Huntress |
| 3:16 | Ultravision |
| 3:27 | Huntress |
| 3:52 | Huntress |
| 4:05 | Moon Well |
| 5:26 | Tree of Life |
| 5:40 | Tree of Eternity |
| 6:11 | Rod of Necromancy |
| 6:23 | Ancient of Lore |
| 6:24 | Ancient of Lore |
| 6:32 | Furbolg Shaman |
| 6:40 | Breath of Fire |
| 6:54 | Force of Nature |
| 7:15 | Ancient of Wonders |
| 7:56 | Dryad |
| 7:57 | Abolish Magic |
| 7:57 | Druid of the Claw Adept Training |
| 8:07 | Moon Well |
| 8:55 | Drunken Haze |
| 9:36 | Potion of Lesser Invulnerability |
| 9:37 | Scroll of Healing |
| 9:38 | Druid of the Claw |
| 9:39 | Druid of the Claw Master Training |
| 9:49 | Tree of Life |
| 10:01 | Wisp |
| 10:33 | Druid of the Claw |
| 10:35 | Force of Nature |
| Right click | 727 |
| Select | 181 |
| Select group | 179 |
| Assign group | 89 |
| Build/train/purchase | 49 |
| Misc. action | 36 |
| Use ability | 27 |
| Chat | 14 |
| Item give/drop | 3 |
| Minimap ping | 3 |
| Esc | 1 |
⇛